Unix NetHack Version 5.0.0-0 post-release - last build May 23 2026 06:08:33 (1c0ff79ee797540d5714e4e18072db0edd9e58ae,branch:main).

Game began 2026-05-23 17:38:33, ended 2026-05-23 23:18:31.

DaveT, lawful male human Priest

   ------
   |....|                                                         p
   |.`..|
   |....|                                       p
   |....|                                         h             B
   |....|                                                      s
   |....|           s
   |..<.|           o
   |....|         H                                               SS  @  A
   |...`|
   |.^..|                                                      o
   |^..}|..                     q                              a
   |...}....           ;                                       T
   |...}|..           ;;;;@-
   |....| ;}}}....};}}..}}.|
   ------
    ;

DaveT the Priest             St:18/13 Dx:15 Co:18 In:12 Wi:18 Ch:10  Lawful
Dlvl:23 $:177 HP:0(104) Pw:91(137) AC:-9 Xp:12 T:19761  Burdened Blind

Latest messages:
 What do you want to wear? [AR or ?*] ?
 You finish your dressing maneuver.
 You swap places with the peaceful titan.
 You start digging.  You hit the rock with all your might.  You break through a secret door!
 What do you want to wield? [- agxW or ?*] a
 a - a blessed rustproof +6 mace (weapon in right hand).  You hear crashing rock.
 In what direction? l
 The spell hits the leprechaun!  The spell hits the electric eel.
 You already found a monster.  Use 'm' prefix to force another search.
 You hit the leprechaun.  You feel the leprechaun be knocked backward!
 You already found a monster.  Use 'm' prefix to force another search.
 You hit the electric eel.
 You hit the electric eel.
 You kill the electric eel!
 You hit the electric eel.
 You hit the electric eel.
 You hit the electric eel.
 You hit the electric eel.  You hear crashing rock.
 Really save? [yn] (n) y
 Saving...
 Restoring save file...
 Hello DaveT, the human Priest, welcome back to NetHack!
 Your movements are slowed slightly because of your load.
 The electric eel misses!
 The electric eel brushes against your leg.
 The electric eel bites!
 You avoid harm.
 The electric eel brushes against your leg.
 The electric eel bites!
 You avoid harm.
 The electric eel brushes against your leg.
 The electric eel bites!
 You get zapped!
 The electric eel swings itself around you!
 You cannot escape from the electric eel!
 You hit the electric eel.
 You hit the electric eel.
 The electric eel misses!
 The electric eel drowns you...
 Do you want your possessions identified? [ynq] (y) y
 Do you want to see your attributes? [ynq] (y) y
 Do you want an account of creatures vanquished? [ynaq] (y) y
 Do you want to see your conduct and achievements? [ynq] (y) y
 Do you want to see the dungeon overview? [ynq] (y) y

Inventory:
 Coins    ('$')
  $ - 177 gold pieces
 Amulets  ('"')
  k - an amulet of reflection (being worn)
 Weapons  (')')
  g - a +0 dagger
  a - a blessed rustproof +6 mace (weapon in right hand)
 Armor    ('[')
  B - a blessed +1 helmet (being worn)
  n - a +0 pair of leather gloves (being worn)
  R - a blessed fireproof +2 pair of speed boots
  A - a +0 pair of water walking boots (being worn)
  c - a +0 small shield (being worn)
  b - a blessed +2 robe (being worn)
  S - a blessed rustproof +0 banded mail (being worn)
 Comestibles  ('%')
  e - a clove of garlic
  q - a food ration
  f - a sprig of wolfsbane
  r - a lizard corpse
 Scrolls  ('?')
  p - a scroll of teleportation
 Rings    ('=')
  v - a ring of conflict (on left hand)
  t - a ring of warning
 Wands    ('/')
  H - a wand of cancellation (1:7)
  C - a wand of cancellation (0:5)
  I - a wand of cold (0:4)
  P - a wand of fire (0:7)
  Q - a wand of polymorph (0:2)
  D - a wand of sleep (0:2)
  Y - a wand of striking (0:5)
  N - a wand of teleportation (0:7)
 Tools    ('(')
  V - a bag of holding containing 56 items
  w - an empty sack
  U - a frost horn (0:2)
  L - a blindfold (being worn)
  W - a +0 pick-axe
  y - a skeleton key
  T - a stethoscope
  x - a blessed +0 unicorn horn
 Gems/Stones  ('*')
  z - a blessed luckstone

Contents of the bag of holding:
  2506 gold pieces
  an amulet of reflection
  3 blessed +1 darts
  9 +0 darts
  a +0 silver saber
  a +1 mummy wrapping
  9 food rations
  2 lizard corpses
  2 lizard corpses
  a cursed scroll of amnesia
  2 scrolls of blank paper
  7 cursed scrolls of blank paper
  a cursed scroll of charging
  a scroll of confuse monster
  2 cursed scrolls of confuse monster
  2 scrolls of earth
  a cursed scroll of earth
  a scroll of enchant weapon
  a cursed scroll of enchant weapon
  a scroll of food detection
  a scroll of magic mapping
  a scroll of remove curse
  a cursed scroll of remove curse
  a scroll of scare monster
  a scroll of taming
  2 cursed scrolls of teleportation
  a potion of blindness
  a cursed potion of blindness
  a blessed potion of fruit juice
  a cursed potion of fruit juice
  a potion of invisibility
  2 potions of monster detection
  a potion of object detection
  a potion of oil
  a potion of paralysis
  a cursed potion of paralysis
  a potion of polymorph
  a potion of restore ability
  2 potions of see invisible
  a potion of sleeping
  2 potions of speed
  a cursed potion of speed
  9 potions of holy water
  7 potions of water
  a ring of fire resistance
  a cursed ring of poison resistance
  a ring of polymorph control
  a wand of make invisible (0:7)
  a wand of sleep (0:6)
  a wand of sleep (0:4)
  a wand of slow monster (0:5)
  a wand of teleportation (0:2)
  a bugle
  a credit card
  a blessed oil lamp
  a +0 unicorn horn

DaveT the Priest's attributes:

Background:
 You were a Priest, level 12 human.
 You were lawful, on a mission for Athena
 who was opposed by Hermes (neutral) and Poseidon (chaotic).
 You were right-handed.
 You were in the Dungeons of Doom, on level 23.
 You entered the dungeon 19761 turns ago.
 It was nighttime.
 You had 33697 experience points, 6303 more were needed to attain level 13.

Basics:
 You had 0 out of 104 hit points.
 You had 91 out of 137 energy points (spell power).
 Your armor class was -9.
 Your wallet contained 177 zorkmids, and
 you had 2506 more stashed away in your pack.
 Autopickup was off.

Final Characteristics:
 Your strength was 18/13 (limit:18/100).
 Your dexterity was 15 (limit:18).
 Your constitution was 18 (limit:18).
 Your intelligence was 12 (limit:18).
 Your wisdom was 18 (limit:18).
 Your charisma was 10 (limit:18).

Final Status:
 You were walking on water.
 You were deliberately blind.
 You were held by an electric eel (west).
 You weren't hungry.
 You were burdened; movement was slightly slowed.
 You were wielding a mace.
 You had expert skill with mace.

Final Attributes:
 You were piously aligned.
 You were cold resistant.
 You were telepathic.
 You aggravated monsters.
 You caused conflict.
 You had a small defense bonus (+4).
 You were guarded.
 Your spell casting was impaired by metallic armor, mitigated by your robe.
 You were fast.
 You had reflection.
 You were lucky.
 You had extra luck.
 Good luck did not time out for you.
 You are dead.

Miscellaneous:
 You encountered 4 bones levels.
 Total elapsed playing time was 3 hours, 7 minutes and 54 seconds.

Major events:
 Turn
    1: DaveT the lawful human Priest entered the dungeon
  753: attained the rank of Acolyte (level 3)
 1273: entered the Gnomish Mines
 3163: attained the rank of Adept (level 6)
 5809: reached Mine Town
 7630: made his first wish - "blessed rustproof +3 speed boots", got "a blessed pair of riding boots"
 8276: attained the rank of Priest (level 10)
11110: entered Sokoban
11411: completed 1st Sokoban level
11789: completed 2nd Sokoban level
12192: completed 3rd Sokoban level
13154: completed 4th Sokoban level
13532: acquired the Sokoban amulet of reflection
13819: entered the Bigroom
16237: entered Home 1, the Quest
19761: drowned in a pool of water by an electric eel

Spells:
 Name                 Level Category     Fail Retention
 healing                1   healing       49%    1%-10%
 cure sickness          3   healing       52%    1%-10%
 force bolt             1   attack        67%   26%-50%
 create monster         2   clerical      67%   31%-40%
 detect food            2   divination    72%   26%-50%
 confuse monster        1   enchantment   67%   26%-50%
 extra healing          3   healing       52%   71%-80%
 teleport away          6   escape       100%  76%-100%
 jumping                1   escape        67%  76%-100%
 detect monsters        1   divination    67%  76%-100%

Skills:
 Fighting Skills
   bare handed combat [Unskilled]
 Weapon Skills
   club               [Unskilled]
   mace               [Expert]
   morning star       [Unskilled]
   flail              [Unskilled]
   hammer             [Unskilled]
   quarterstaff       [Unskilled]
   polearms           [Unskilled]
   spear              [Unskilled]
   trident            [Unskilled]
   lance              [Unskilled]
   bow                [Unskilled]
   sling              [Unskilled]
   crossbow           [Unskilled]
   dart               [Unskilled]
   shuriken           [Unskilled]
   boomerang          [Unskilled]
   unicorn horn       [Unskilled]
 Spellcasting Skills
   healing spells     [Basic]
   divination spells  [Unskilled]
   clerical spells    [Basic]

Voluntary challenges:
 Character rerolling was not enabled.
 You never genocided any monsters.
 You never changed form.
 You used 1 wish.
 You did not wish for any artifacts.
 You did not violate any of the special Sokoban rules.
Achievements:
 You entered a shop.
 You attained the rank of Acolyte.
 You entered the Gnomish Mines.
 You attained the rank of Adept.
 You entered Minetown.
 You entered a temple.
 You attained the rank of Priest.
 You entered Sokoban.
 You completed Sokoban.
 You entered the Big Room.

 The Dungeons of Doom: levels 1 to 23
    Level 1:
       A grave.
    Level 2: "empty vault"
       A weapon shop, some fountains.
    Level 3:
    Level 4:
       A general store, a fountain, a sink.
       Stairs down to The Gnomish Mines.
    Level 5:
       A tool shop, an altar to Athena.
    Level 6:
    Level 7:
    Level 8:
       A general store.
    Level 9:
       Many fountains.
       Oracle of Delphi.
       Final resting place for
          HaganBacon-Val-Dwa-Fem-Law, killed by a rabid rat.
    Level 10:
       A scroll shop, an altar.
       Stairs up to Sokoban, level 9.
    Level 11:
    Level 12:
       A very big room.
    Level 13:
       A fountain.
    Level 14:
       Some altars to Athena, a fountain, a grave.
    Level 15:
    Level 16:
       A temple and an altar, a grave.
       Summoned by the Arch Priest.
       Portal to The Quest.
    Level 17:
       A fountain.
    Level 18:
       A primitive area.
    Level 19:
       An altar to Athena, a grave.
    Level 20:
    Level 21:
       A fountain.
    Level 22:
    Level 23: <- You were here.
       Final resting place for
          you, drowned in a pool of water by an electric eel.
 The Gnomish Mines: levels 5 to 9
    Level 5:
    Level 6:
       Many graves.
       Final resting place for
          nethacknoob-Val-Dwa-Fem-Law, killed by an imp,
          grildor-Wiz-Hum-Mal-Cha, killed by a dwarf king,
          Toon-Wiz-Elf-Fem-Cha, killed by a pony.
    Level 7:
       Many shops, a temple and an altar, some fountains, a grave, some trees.
       Final resting place for
          nethacknoob-Val-Dwa-Fem-Law, killed by a kitten, while frozen by a floating eye's gaze.
    Level 8:
    Level 9:
       Final resting place for
          mwm11235-Wiz-Hum-Mal-Neu, killed by a crossbow bolt.
 The Quest:
    Level 1:
       A temple and an altar, many trees.
       Home.
 Sokoban: levels 9 up to 6
    Level 6:
       Solved.
    Level 7:
       Solved.
    Level 8:
       Solved.
    Level 9:
       Solved.


Vanquished creatures:
  a gold dragon
  a red dragon
  3 Olog-hai
  a vampire leader
  a captain
  2 clay golems
  a nurse
  a lurker above
  3 ettins
  3 lieutenants
  6 ghosts
  2 giant mimics
  2 long worms
  5 zruties
 an ogre tyrant
  3 ice trolls
  4 rock trolls
 an umber hulk
  2 flesh golems
  2 elven monarchs
  a large mimic
  a wumpus
  3 stalkers
 an air elemental
 an earth elemental
  a water elemental
  a giant mummy
  a xorn
 10 sergeants
  a warg
  2 winter wolves
 14 small mimics
  a glass piercer
  2 warhorses
  5 xans
 an ogre leader
  3 quantum mechanics
  7 trolls
 an electric eel
  a pyrolisk
  3 shocking spheres
  a large cat
  a tiger
  5 gargoyles
  a tengu
 an ochre jelly
  2 leocrottas
 an energy vortex
  3 mountain centaurs
 an elf mummy
  a human mummy
  2 pit vipers
  a cobra
  3 wraiths
 an ettin zombie
 62 soldiers
  3 chameleons
  a crocodile
  3 giant beetles
  2 quivering blobs
  6 cockatrices
  6 wolves
  2 winter wolf cubs
  a lynx
  2 gremlins
  a spotted jelly
  4 leprechauns
 an orc-captain
  2 iron piercers
  a mumak
  a giant spider
  a horse
  4 ice vortices
  2 black lights
  a vampire bat
  a forest centaur
  a gnome ruler
 an orc mummy
  a dwarf mummy
  2 ogres
  2 brown puddings
  4 owlbears
  5 yetis
  2 gold golems
  2 werewolves
  3 Green-elves
  5 lizards
  a dingo
  a dog
  2 housecats
  2 jaguars
  a dwarf leader
  2 blue jellies
  3 gray unicorns
  a black unicorn
  a dust vortex
  2 ravens
  3 plains centaurs
  a gnome mummy
  2 snakes
  9 apes
 24 human zombies
  a rope golem
  2 Woodland-elves
  4 fire ants
  7 bugbears
  3 imps
  a quasit
  a wood nymph
  3 water nymphs
  7 Mordor orcs
  4 Uruk-hai
  2 orc shamans
  5 rock piercers
  2 rock moles
  5 ponies
  2 fog clouds
  6 yellow lights
  3 shriekers
  4 violet fungi
 12 gnome leaders
  3 kobold mummies
  3 gray oozes
  8 elf zombies
  a straw golem
  a paper golem
  8 giant ants
  a little dog
  4 floating eyes
  4 kittens
  3 homunculi
  4 kobold leaders
  2 kobold shamans
  4 hill orcs
 14 rothes
  4 rabid rats
  2 centipedes
  2 giant bats
  a monkey
  2 orc zombies
  6 dwarf zombies
  2 wererats
  2 werejackals
  8 iguanas
  4 killer bees
  2 acid blobs
  3 coyotes
  a gas spore
  a hobbit
 13 manes
  a large kobold
  3 hobgoblins
  4 giant rats
  4 cave spiders
  a brown mold
  a yellow mold
  a green mold
  a red mold
 28 gnomes
 11 garter snakes
  5 gnome zombies
  9 geckos
 11 jackals
  2 foxes
  a kobold
  6 goblins
 10 grid bugs
  3 bats
  9 lichens
  2 kobold zombies
  8 newts
628 creatures vanquished.

No species were genocided or became extinct.

Game over:
                       ----------
                      /          \
                     /    REST    \
                    /      IN      \
                   /     PEACE      \
                  /                  \
                  |      DaveT       |
                  |     2683 Au      |
                  |   drowned in a   |
                  | pool of water by |
                  | an electric eel  |
                  |                  |
                  |       2026       |
                 *|     *  *  *      | *
        _________)/\\_//(\/(/\)/\//\/|_)_______

Goodbye DaveT the Priest...

You drowned in The Dungeons of Doom on dungeon level 23 with 137619 points,
and 2683 pieces of gold, after 19761 moves.
You were level 12 with a maximum of 104 hit points when you drowned.

